 Dungeon Crawl Stone Soup version 0.28.0-53-g5a82cb258f (webtiles) character file.

Game seed: 6490506640272902316

46 adizb the Covered (level 3, 0/31 HPs)
             Began as a Demigod Fighter on July 17, 2022.
             Succumbed to a goblin's poison
             ... on level 2 of the Dungeon.
             The game lasted 00:05:20 (1051 turns).

adizb the Covered (Demigod Fighter)                 Turns: 1051, Time: 00:05:21

Health: 0/31       AC: 10    Str: 17    XL:     3   Next: 27%
Magic:  5/5        EV:  6    Int: 10    God:
Gold:   59         SH:  5    Dex: 17    Spells: 2/2 levels left

rFire   . . .      SeeInvis .   a - +0 long sword
rCold   . . .      Faith    .   c - +0 buckler
rNeg    . . .      Spirit   .   i - +0 chain mail
rPois   .          Reflect  .   b - +0 helmet
rElec   .          Harm     .   (no cloak)
rCorr   .          Rampage  .   (no gloves)
Will    .....                   (no boots)
Stlth   ..........              (no amulet)
HPRegen 0.10/turn               (no ring)
MPRegen 0.09/turn               (no ring)

@: lethally poisoned (0 -> -22)
A: high MP 1, forlorn, divine attributes
a: no special abilities


You were on level 2 of the Dungeon.
You visited 1 branch of the dungeon, and saw 2 of its levels.

You collected 59 gold pieces.

Inventory:

Hand Weapons
 a - a +0 long sword (weapon)
Missiles
 g - 3 poisoned darts (quivered)
Armour
 b - a +0 helmet (worn)
 c - a +0 buckler (worn)
 i - a +0 chain mail (worn)
Scrolls
 e - a scroll of enchant weapon {unknown}
 f - a scroll of magic mapping {unknown}
 h - a scroll of immolation
 j - a scroll of enchant armour {unknown}
Potions
 d - a potion of might


   Skills:
 + Level 3.0 Fighting
 * Level 2.5 Long Blades
 + Level 3.0 Armour
 + Level 3.0 Shields


You had 2 spell levels left.
You didn't know any spells.
Your spell library was empty.

Dungeon Overview and Level Annotations

Branches:
Dungeon (2/15)

Shops:
D:1 [


Innate Abilities, Weirdness & Mutations

You have an increased reservoir of magic. (+10% MP)
You shall have no god before yourself.
Your divine heritage dramatically boosts your attributes as you level up.


Message History

j - a scroll labelled INNIKE MEDDEMU
Found 12 gold pieces.
There is a stone staircase leading down here.
There is a dry fountain here.
You now have 51 gold pieces (gained 12).
Found a faded altar of an unknown god.
There is a dry fountain here.
Found 13 arrows.
Found 8 gold pieces.
You now have 59 gold pieces (gained 8).
Found a scroll labelled UFERAPS QEIDD.
h - 2 scrolls labelled UFERAPS QEIDD (gained 1)
A goblin comes into view. It is wielding a +2 dagger of venom.
The goblin shouts!
The goblin closely misses you.
You closely miss the goblin.
The goblin hits you with a +2 dagger of venom.
You are poisoned.
You hit the goblin.
The goblin is severely wounded.
You feel very sick.
The goblin hits you with a +2 dagger of venom.
You are lethally poisoned!
You barely miss the goblin.
The goblin is severely wounded.
You feel very sick. The goblin hits you but does no damage.
You are more poisoned.
The goblin hits you but does no damage.
You are more poisoned.
You hit the goblin.
You kill the goblin!
* * * LOW HITPOINT WARNING * * *
You feel extremely sick.
Okay, then.
Okay, then.
As you read the scroll labelled UFERAPS QEIDD, it crumbles to dust.
The air around you briefly surges with heat, but it dissipates.
It was a scroll of immolation.
You die...

#.....#.....#......#
#.#.#.#............#
#.....###....#......
#.....#.............
#.#.#.#.............
#.....#......#.....
#.....# #.#.#.#
#..@..# #..)..#
#.#.#.# #.....#
#.....# #.....#
..... #######


There were no monsters in sight!

Vanquished Creatures
  2 adders (D:2)
  2 ball pythons
  3 bats (D:1)
  4 endoplasms
  5 goblins
  2 hobgoblins (D:1)
  A quokka (D:1)
  A frilled lizard (D:2)
  5 kobolds (D:1)
  3 rats
28 creatures vanquished.

Vanquished Creatures (others)
  A plant (D:2)
1 creature vanquished.

Grand Total: 29 creatures vanquished

Notes
Turn   | Place    | Note
-------+----------+-------------------------------------------
     0 | D:1      | adizb the Demigod Fighter began the quest for the Orb.
     0 | D:1      | Reached XP level 1. HP: 18/18 MP: 3/3
   204 | D:1      | Reached XP level 2. HP: 24/25 MP: 4/4
   294 | D:1      | Found Bogripp's Armour Emporium.
   641 | D:2      | Reached XP level 3. HP: 8/31 MP: 5/5
  1051 | D:2      | Succumbed to a goblin's poison

Illustrated notes

Levels and vault maps discovered:
D:1:      dpeg_chamrin_arrival_tetris, layout_basic, serial_shops, shop,
          kennysheep_decorative_pillar
D:2:      layout_rooms, shapermc_ecumenical_altar_acropolis,
          columned_hall_lemuel, minmay_goblin_kobold_house

Skill      XL: |  1  2 |
---------------+-------+-----
Long Blades    | 2 |  2.5
Fighting       | 3 |  3.0
Armour         | 3 |  3.0
Shields        | 3 |  3.0

Action                   || total
-------------------------++-------
Melee: Long sword        ||    80
Throw: Dart              ||     1
  Use: Scroll            ||     1
Armor: Scale mail        ||    36
       Chain mail        ||    10
Dodge: Dodged            ||    30
Block: Buckler           ||    10
